 Dungeon Crawl Stone Soup version 0.26-a0-1176-g060ceda6a5 (webtiles) character file.

Game seed: 15553671148288422806

333377 Anon1729 the Impassioned (level 20, -5/124 (133) HPs)
             Began as a Red Draconian Transmuter on Dec 24, 2020.
             Was a Follower of Uskayaw.
             Killed from afar by a shadow dragon (47 damage)
             ... with a bolt of negative energy
             ... on level 3 of the Vaults on Dec 25, 2020.
             The game lasted 02:40:30 (50742 turns).

Anon1729 the Impassioned (DrTm)                    Turns: 50742, Time: 02:40:41

HP:   -5/124 (133)  AC: 18    Str: 14    XL:     20   Next: 91%
MP:   15/34         EV: 31    Int: 16    God:    Uskayaw [*.....]
Gold: 4139          SH:  0    Dex: 18    Spells: 3/39 levels left

rFire    . . .     SeeInvis +   R - +12 Vampire's Tooth {vamp}
rCold    + + +     Faith    +   (no shield)
rNeg     . . .     Spirit   .   (armour unavailable)
rPois    +         Reflect  .   S - +1 hat of Qiusor {rPois Will+}
rElec    .         Harm     .   A - +1 cloak of Starlight {*Dazzle EV+4 Stlth--}
rCorr    .         Rampage  .   G - +2 pair of gloves of the Original Sin {rC+++ Int-4 Dex+5 SInv}
Will     +....                  Q - +1 pair of boots
Stlth    +++.......             N - amulet of faith
HPRegen  0.30/turn              M - +4 ring of evasion
MPRegen  0.24/turn              b - ring "Xiodidy" {Ice Slay+5}

@: weak-willed, drained
A: breathe fire, unfitting armour, fire resistance 1, cold-blooded, AC +10
}: 2/15 runes: barnacled, gossamer
a: Breathe Fire, Renounce Religion, Stomp


You were on level 3 of the Vaults.
You worshipped Uskayaw.
Uskayaw was most pleased with you.
You visited 8 branches of the dungeon, and saw 37 of its levels.
You also visited: Gauntlet and Desolation.

You collected 5829 gold pieces.
You spent 1690 gold pieces at shops.

Inventory:

Hand Weapons
 P - the +6 dagger "Gaos" {venom, +Inv +Fly rPois}
   (You found it on level 1 of the Lair of Beasts)

   It poisons the flesh of those it strikes.
   It protects you from poison.
   It lets you turn invisible.
   It lets you fly.
 R - the +12 Vampire's Tooth (weapon) {vamp}
   (You found it in a Gauntlet)

   It inflicts no extra harm, but heals its wielder when it wounds a living foe.
Missiles
 z - 11 curare-tipped darts (quivered)
Armour
 g - the +0 pair of boots of Trial and Error {rElec}
   (You found it in a Gauntlet)

   It insulates you from electricity.
 p - a +2 pair of gloves of archery
 A - the +1 cloak of Starlight (worn) {*Dazzle EV+4 Stlth--}
   (You found it on level 8 of the Dungeon)

   It affects your evasion (+4).
   It makes you much less stealthy.
 G - the +2 pair of gloves of the Original Sin (worn) {rC+++ Int-4 Dex+5 SInv}
   (You acquired it on level 2 of the Lair of Beasts)

   It affects your intelligence (-4).
   It affects your dexterity (+5).
   It renders you almost immune to cold.
   It lets you see invisible.
 Q - a +1 pair of boots (worn)
 S - the +1 hat of Qiusor (worn) {rPois Will+}
   (You found it in a Gauntlet)

   It protects you from poison.
   It affects your willpower, your defense against some magical effects.
Jewellery
 a - the amulet of Tulips {Acrobat +Fly rF+ Stlth-}
   (You found it on level 4 of the Shoals)

   [amulet of the acrobat]

   It helps you evade while moving and waiting.
   It protects you from fire.
   It lets you fly.
   It makes you less stealthy.
 b - the ring "Xiodidy" (right hand) {Ice Slay+5}
   (You found it in the Desolation of Salt)

   [ring of ice]

   It enhances your ice magic.
   It affects your accuracy and damage with ranged weapons and melee attacks
   (+5).
   It makes you vulnerable to fire.
   It protects you from cold.
 e - a +6 ring of dexterity
 f - an uncursed ring of poison resistance
 M - a +4 ring of evasion (left hand)
 N - an amulet of faith (around neck)
 V - an uncursed ring of willpower
Wands
 n - a wand of polymorph (18)
 o - a wand of iceblast (44)
 s - a wand of digging (13)
 t - a wand of flame (117)
 v - a wand of disintegration (93)
 w - a wand of enslavement (26)
 E - a wand of random effects (88)
 K - a wand of acid (6)
 T - a wand of paralysis (5)
Scrolls
 c - 19 scrolls of teleportation
 h - 5 scrolls of blinking
 i - 5 scrolls of immolation
 j - 6 scrolls of fear
 l - 16 scrolls of remove curse
 q - 5 scrolls of identify
 u - 2 scrolls of magic mapping
 y - 9 scrolls of enchant armour
 C - 2 scrolls of vulnerability
 H - 3 scrolls of amnesia
 I - 4 scrolls of fog
 W - a scroll of silence
 Y - a scroll of summoning
Potions
 d - 14 potions of curing
 k - 4 potions of magic
 m - a potion of cancellation
 r - 7 potions of haste
 x - 2 potions of might
 B - 6 potions of ambrosia
 D - 5 potions of berserk rage
 F - 6 potions of attraction
 L - 4 potions of brilliance
 O - a potion of heal wounds
 U - a potion of flight
 X - 3 potions of resistance
 Z - 2 potions of mutation
Miscellaneous
 J - a condenser vane (inert)


   Skills:
 - Level 1.1 Fighting
 - Level 13.0 Short Blades
 + Level 13.3 Dodging
 + Level 12.5 Stealth
 - Level 14.4 Unarmed Combat
 - Level 10.0 Spellcasting
 + Level 15.3 Transmutations
 + Level 11.1 Earth Magic
 * Level 19.1 Invocations


You had 3 spell levels left.
You knew the following spells:

 Your Spells              Type           Power        Failure   Level
a - Beastly Appendage     Tmut           100%         0%          1
b - Wereblood             Tmut           54%          1%          2
c - Spider Form           Tmut/Pois      16%          1%          3
d - Blade Hands           Tmut           27%          1%          5
e - Hydra Form            Tmut           27%          2%          6
f - Petrify               Tmut/Erth      50%          1%          4
g - Passwall              Tmut/Erth      41%          1%          2
h - Statue Form           Tmut/Erth      33%          6%          6
i - Dragon Form           Tmut           27%          14%         7

Your spell library contained the following spells:

 Spells                   Type           Power        Failure   Level
 Sandblast                Erth           86%          1%          1
 Stone Arrow              Conj/Erth      50%          2%          3
 Animate Skeleton         Necr           16%          9%          1
 Apportation              Tloc           16%          9%          1
 Corona                   Hex            8%           9%          1
 Foxfire                  Conj/Fire      32%          9%          1
 Freeze                   Ice            48%          9%          1
 Pain                     Necr           32%          9%          1
 Shock                    Conj/Air       32%          9%          1
 Summon Small Mammal      Summ           32%          9%          1
 Corpse Rot               Necr/Air       N/A          14%         2
 Ensorcelled Hibernation  Hex/Ice        24%          14%         2
 Poisonous Vapours        Pois/Air       16%          14%         2
 Slow                     Hex            8%           14%         2
 Swiftness                Air            8%           14%         2
 Confusing Touch          Hex            8%           26%         3
 Conjure Flame            Conj/Fire      8%           26%         3
 Dazzling Flash           Conj/Hex       16%          26%         3
 Gell's Gravitas          Tloc           4%           26%         3
 Inner Flame              Hex/Fire       8%           26%         3
 Lesser Beckoning         Tloc           4%           26%         3
 Mephitic Cloud           Conj/Pois/Air  8%           26%         3
 Portal Projectile        Hex/Tloc       16%          26%         3
 Static Discharge         Conj/Air       8%           26%         3
 Summon Guardian Golem    Hex/Summ       8%           26%         3
 Tukima's Dance           Hex            8%           26%         3
 Vampiric Draining        Necr           4%           26%         3
 Lee's Rapid Deconstruct  Erth           21%          2%          5
 Ice Form                 Ice/Tmut       48%          3%          4
 Alistair's Intoxication  Tmut/Pois      21%          11%         5
 Irradiate                Conj/Tmut      16%          11%         5
 Yara's Violent Unravell  Hex/Tmut       16%          11%         5
 Borgnjor's Vile Clutch   Necr/Erth      12%          26%         5
 Bolt of Magma            Conj/Fire/Erth 9%           50%         5
 Eringya's Noxious Bog    Tmut/Pois      16%          52%         6
 Airstrike                Air            4%           65%         4
 Animate Dead             Necr           4%           65%         4
 Iron Shot                Conj/Erth      12%          80%         6
 Agony                    Necr           8%           94%         5
 Iskenderun's Battlesphe  Conj           8%           94%         5
 Lightning Bolt           Conj/Air       4%           94%         5
 Metabolic Englaciation   Hex/Ice        6%           94%         5
 Silence                  Hex/Air        4%           94%         5
 Summon Forest            Summ/Tloc      4%           94%         5
 Summon Mana Viper        Hex/Summ       8%           94%         5
 Invisibility             Hex            8%           100%        6
 Ozocubu's Refrigeration  Ice            6%           100%        6
 Orb of Destruction       Conj           4%           100%        7
 Spellforged Servitor     Conj/Summ      4%           100%        7
 Summon Hydra             Summ           4%           100%        7


Dungeon Overview and Level Annotations

Branches:
Dungeon (15/15)            Temple (1/1) D:4            Lair (6/6) D:11
 Shoals (4/4) Lair:4       Spider (4/4) Lair:3        Slime (0/5) Lair:5
    Orc (2/2) D:9             Elf (2/3) Orc:2        Vaults (3/5) D:14
 Depths (0/5) D:15        Desolation (visited)      Gauntlet (visited)
  Crypt: Vaults:2-3

Altars:
Ashenzari
Cheibriados
Dithmenos
Elyvilon
Fedhas
Gozag
Hepliaklqana
Kikubaaqudgha
Makhleb
Nemelex Xobeh
Okawaru
Qazlal
Ru
Sif Muna
Trog
Uskayaw
Vehumet
Wu Jian
Xom
Yredelemnul
Zin
The Shining One
Beogh

Shops:
D:4 *   D:7 (:!   D:10 }   D:12 !   Orc:1 (   Orc:2 (:?*(   Vaults:2 [

Portals:
Pandemonium: Orc:2
Trove: D:11 (give 5 scrolls of fear)

Annotations:
D:9 1 runed translucent door
D:10 exclusion: downstairs
D:15 2 transporters, loralnil's ghost, journeyman GnTm
Lair:2 exclusion: 2 oklob plants


Innate Abilities, Weirdness & Mutations

You can breathe blasts of fire.
Your fiery red scales are hard. (AC +10)
You cannot fit into any form of body armour.
Your flesh is heat resistant. (rF+)
You are cold-blooded and may be slowed by cold attacks.


Message History

Unknown command.
Unknown command.
You closely miss the shadow dragon. Your punch misses the shadow dragon.
The shadow dragon is severely wounded.
Unknown command.
Unknown command.
Evoke which item? (* to show all) (? for menu, Esc to quit)
Okay, then.
Unknown command.
You puncture the shadow dragon!
The shadow dragon is severely wounded.
Unknown command.
Unknown command.
You hit the vault guard.
You feel better.
You tail-slap the vault guard.
The vault guard is lightly wounded.
An ironheart preserver opens the door.
The vault warden hits you with a +0 great sword!
The shadow dragon breathes negative energy at you.
The bolt of negative energy hits you!!!
You feel drained.
You die...

... ..## ##### ...# #...#
..# #...# #p# #####...#
##.# ##'## #.......# #...
##..p## #...#...# #..u#
##.§.pp# #..<.[.[## ..W.g
##○☼§°D@####.#.####)####
.N..g#
##)))§§°.+......#...)....


cpc.. ##)§§(.°○.#......#)))#.... #.c##[○°○)○§..#......#.)<.....
#c.c'(°☼°☼..#########'.#)##### #####[§.§..## ##..)# ##.....# #...# ####### #...#
#...# You could see a shadow dragon (catching breath), an ironheart preserver, 2
vault wardens and a vault guard.

Vanquished Creatures
  Rupert (Lair:3)
  Jorgrun (D:15)
  2 liches (Vaults:2)
  A sphinx (Vaults:2)
  Agnes (Spider:4)
  A storm dragon (Vaults:2)
  A tengu reaver (Vaults:3)
  A kraken (Shoals:3)
  Frances (Elf:1)
  Gastronok (D:8)
  Roxanne (Spider:4)
  A frost giant (Vaults:2)
  A fire giant (Vaults:2)
  A deep elf sorcerer (Vaults:1)
  An orc warlord (Vaults:3)
  An imperial myrmidon (Desolation)
  5 ghost moths
  7 emperor scorpions
  8 vault wardens
  A war gargoyle (Vaults:2)
  7 ironheart preservers
  A stone giant (Vaults:2)
  A very ugly thing (Vaults:2)
  A deep elf demonologist (Vaults:1)
  4 entropy weavers
  A red draconian (Vaults:2)
  2 halazid warlocks (Desolation)
  A dire elephant (Lair:6)
  Azrael (D:12)
  A spark wasp (Spider:3)
  4 merfolk javelineers (Shoals:4)
  3 ettins
  Snorg (Orc:1)
  A deep elf death mage (Vaults:2)
  5 merfolk impalers
  3 crystal guardians (Desolation)
  7 yaktaur captains
  8 ragged hierophants (Desolation)
  A fire dragon (Vaults:2)
  8 vault guards
  Harold (D:11)
  Erolcha (Orc:2)
  12 peacekeepers
  A rakshasa (Vaults:2)
  10 hydras
  8 servants of whispers (Desolation)
  9 boulder beetles
  5 merfolk aquamancers
  2 alligator snapping turtles
  19 two-headed ogres
  2 catoblepae (Lair:6)
  8 centaur warriors
  2 merfolk avatars (Shoals:4)
  11 dancing weapons
  A death knight (Vaults:3)
  3 ogre magi
  3 deep troll shamans
  Urug (Lair:1)
  A deep troll earth mage (Vaults:1)
  9 death yaks
  8 deep elf knights
  A vampire mage (Vaults:2)
  7 orc high priests (Orc:2)
  Nergalle (Lair:3)
  A sixfirhy (Orc:2)
  The ghost of Dracia the Spear-Bearer, a novice MfIE of Hepliaklqana (D:8)
  8 skeletal warriors
  3 unseen horrors
  3 shadow wraiths
  A swamp dragon (Vaults:2)
  3 phantasmal warriors
  An infernal demonspawn (Orc:2)
  A death drake (Gauntlet)
  14 sea snakes
  3 wizards
  A torturous demonspawn (Orc:2)
  2 orange crystal statues
  5 deep trolls
  A lindwurm (Lair:6)
  3 deep elf archers
  13 orc knights
  21 harpies
  9 ironbrand convokers
  17 orb spiders
  15 fauns
  A necromancer (Vaults:3)
  28 deep elf magi
  2 oklob plants (Shoals:3)
  Pikel (D:7)
  12 manticores
  A harpy (shapeshifter) (D:15)
  17 ugly things
  A wolf spider zombie (D:15)
  33 wolf spiders
  A spectral centaur (Gauntlet)
  A moth of wrath (Spider:4)
  8 orc sorcerers
  A worldbinder (Gauntlet)
  A salamander (shapeshifter) (Elf:1)
  6 cyclopes
  Maurice (D:10)
  7 elephants (Lair:6)
  7 merfolk sirens
  5 guardian serpents (Desolation)
  Joseph (D:9)
  Psyche (D:9)
  4 water nymphs
  A rust devil (Orc:2)
  A black mamba (Lair:4)
  A naga mage (D:15)
  6 vault sentinels
  A molten gargoyle (Desolation)
  16 cane toads
  2 centaur skeletons
  Maggie (D:6)
  8 komodo dragons
  9 demonic crawlers
  2 freezing wraiths (D:15)
  A kobold demonologist (D:12)
  30 yaktaurs
  A redback zombie (Gauntlet)
  An ice devil (Orc:2)
  2 hellwings (Orc:2)
  3 meliai (Spider:3)
  A polar bear (shapeshifter) (Vaults:1)
  27 merfolk
  A queen bee (Lair:3)
  A red devil (Orc:2)
  6 hornets
  11 trolls
  38 jumping spiders
  6 wind drakes
  A meliai (shapeshifter) (Vaults:3)
  A jumping spider (shapeshifter) (Vaults:1)
  11 slime creatures
  64 saltlings (Desolation)
  3 polar bears
  4 blink frogs (Lair:6)
  10 snapping turtles
  10 dream sheep (Lair:5)
  A meliai zombie (D:14)
  11 flying skulls (Gauntlet)
  72 redbacks
  Sigmund (D:6)
  4 wraiths
  9 water elementals
  A shadow (D:14)
  7 wyverns
  40 yaks
  27 tarantellas
  4 basilisks
  A steam dragon (Lair:3)
  5 fire elementals
  Grum (D:9)
  6 wargs
  Menkaure (D:7)
  4 hell hounds
  4 acid dragons
  22 water moccasins
  34 orc warriors
  3 ice beasts
  A sky beast (D:12)
  4 black bears
  An eye of draining (D:9)
  5 phantoms
  25 ogres
  11 boggarts
  A necrophage (D:12)
  32 wolves
  13 centaurs
  3 lemures (D:7)
  A big kobold (D:7)
  19 bullfrogs
  An earth elemental (Elf:2)
  A glowing shapeshifter simulacrum (Vaults:2)
  A water moccasin zombie (D:7)
  6 scorpions
  25 killer bees (Lair:3)
  19 wights
  2 howler monkeys
  A lava snake (D:14)
  A bullfrog zombie (D:13)
  6 centaur zombies
  29 orc priests
  4 hounds
  A quasit (D:12)
  4 bullfrog skeletons
  7 jellies
  22 orc wizards
  5 iguanas
  3 hell rats (D:11)
  13 worker ants
  A hound zombie (D:8)
  A hound skeleton (D:10)
  A worker ant zombie (D:11)
  A howler monkey skeleton (D:5)
  7 gnolls
  A river rat (Lair:3)
  15 adders
  2 white imps
  22 oozes
  An adder skeleton (D:6)
  3 adder zombies
  3 worms (D:2)
  A dart slug (D:1)
  6 leopard geckos
  92 orcs
  A ball python (D:2)
  6 bats
  4 giant cockroaches
  9 goblins
  6 hobgoblins
  17 jackals
  12 kobolds
  7 quokkas
  8 frilled lizards
  2 quokka skeletons
  12 rats
  4 tentacles (Shoals:3)
1542 creatures vanquished.

Vanquished Creatures (others)
  Nessos (D:13)
  A dancing weapon (Elf:1)
  A komodo dragon (Lair:5)
  A saltling (Desolation)
  A fire elemental (D:13)
  A hell hound (D:13)
  A bullfrog (D:13)
  3 killer bees (D:13)
  An orc priest (Vaults:3)
  A howler monkey zombie (D:5)
  22 fungi
  159 plants
  3 tentacles (Shoals:3)
196 creatures vanquished.

Grand Total: 1738 creatures vanquished

Notes
Turn   | Place    | Note
-------+----------+-------------------------------------------
     0 | D:1      | Anon1729 the Draconian Transmuter began the quest for the
                  | Orb.
     0 | D:1      | Reached XP level 1. HP: 16/16 MP: 3/3
   312 | D:1      | Reached XP level 2. HP: 16/23 MP: 3/5
   957 | D:2      | Reached XP level 3. HP: 20/28 MP: 4/6
  1364 | D:2      | Reached XP level 4. HP: 31/35 MP: 4/7
  1599 | D:2      | Found a shimmering altar of Xom.
  1975 | D:2      | Found a broken altar of Ashenzari.
  2276 | D:3      | Reached skill level 5 in Unarmed Combat
  2276 | D:3      | Reached XP level 5. HP: 38/40 MP: 6/8
  2521 | D:3      | Found an ancient bone altar of Kikubaaqudgha.
  2712 | D:2      | Learned a level 2 spell: Wereblood
  2716 | D:2      | Learned a level 3 spell: Spider Form
  2787 | D:3      | Reached XP level 6. HP: 47/47 MP: 5/9
  3520 | D:4      | Found a staircase to the Ecumenical Temple.
  3548 | Temple   | Entered the Ecumenical Temple
  3744 | Temple   | Became a worshipper of Uskayaw the Reveller
  3832 | D:4      | Reached * piety under Uskayaw
  3942 | D:4      | Reached ** piety under Uskayaw
  4072 | D:4      | Your scales start taking on a fiery red colour.
  4072 | D:4      | Reached XP level 7. HP: 41/52 MP: 5/10
  4072 | D:4      | Gained mutation: Your flesh is heat resistant. (rF+) [Red
                  | Draconian growth]
  4456 | D:4      | Found a white marble altar of Elyvilon.
  4850 | D:4      | Found Zaeqaa's General Store.
  4858 | D:4      | Bought a potion of curing for 39 gold pieces
  4858 | D:4      | Bought a scroll of remove curse for 39 gold pieces
  5064 | D:4      | Reached *** piety under Uskayaw
  5356 | D:5      | Entered Level 5 of the Dungeon
  5574 | D:5      | Found a sacrificial altar of Ru.
  5826 | D:5      | Reached skill level 1 in Invocations
  5826 | D:5      | Reached XP level 8. HP: 29/59 MP: 2/12
  6502 | D:5      | Reached skill level 2 in Invocations
  6929 | D:6      | Found a bloodstained altar of Trog.
  7001 | D:6      | Noticed Sigmund
  7020 | D:6      | Killed Sigmund
  7067 | D:6      | Reached skill level 5 in Transmutations
  7067 | D:6      | Reached skill level 3 in Invocations
  7345 | D:6      | Noticed Maggie
  7625 | D:6      | Learned a level 5 spell: Blade Hands
  7762 | D:7      | Noticed Menkaure
  7764 | D:7      | Killed Menkaure
  7768 | D:7      | Reached XP level 9. HP: 38/64 MP: 6/15
  7984 | D:7      | Found Fuowy's Book Boutique.
  8086 | D:7      | Found Eraloam's Distillery.
  8128 | D:7      | Reached skill level 10 in Unarmed Combat
  8162 | D:7      | Noticed Pikel
  8172 | D:7      | Killed Pikel
  8173 | D:7      | Reached skill level 4 in Invocations
  8317 | D:7      | Reached **** piety under Uskayaw
  8319 | D:7      | Reached ***** piety under Uskayaw
  8388 | D:7      | Found a blossoming altar of Fedhas.
  8657 | D:7      | Found Xesoat's Weapon Shop.
  8721 | D:7      | Noticed a skeletal warrior
  8995 | D:7      | Reached skill level 5 in Spellcasting
  9040 | D:7      | Reached skill level 5 in Invocations
 10006 | D:8      | Reached XP level 10. HP: 46/67 MP: 9/17
 10279 | D:8      | Found the +1 cloak of Starlight {*Dazzle EV+4 Stlth--}
 10349 | D:8      | Noticed Gastronok
 10484 | D:8      | Noticed a deep elf mage
 10494 | D:8      | Found a transporter.
 10498 | D:8      | Killed a deep elf mage
 10500 | D:8      | Noticed Dracia's ghost (novice MfIE)
 10500 | D:8      | Identified the cursed +1 dire flail of Quantum Leap {drain,
                  | *Slow rF++ rC+++ Will-}
 10500 | D:8      | Noticed a two-headed ogre
 10996 | D:8      | Found a basalt altar of Yredelemnul.
 10996 | D:8      | Found a shimmering blue altar of Sif Muna.
 10997 | D:8      | Found a shadowy altar of Dithmenos.
 11286 | D:9      | Noticed Joseph
 11480 | D:9      | Killed Joseph
 11556 | D:9      | Noticed Psyche
 11563 | D:9      | Killed Psyche
 11564 | D:9      | Reached skill level 6 in Invocations
 11743 | D:9      | Found a glowing silver altar of Zin.
 11744 | D:9      | Found a runed translucent door.
 11744 | D:9      | Noticed an angel
 11774 | D:9      | Noticed Grum
 11801 | D:9      | Killed Grum
 12325 | D:9      | Found an ornate altar of the Wu Jian Council.
 12642 | D:9      | Reached XP level 11. HP: 77/77 MP: 20/20
 12837 | D:9      | Found a staircase to the Orcish Mines.
 12865 | D:9      | Found a roughly hewn altar of Beogh.
 13035 | D:10     | Entered Level 10 of the Dungeon
 13077 | D:10     | Noticed Maurice
 13084 | D:10     | Killed Maurice
 13376 | D:10     | Found a shadowy altar of Dithmenos.
 13530 | D:10     | Noticed a two-headed ogre
 13548 | D:10     | Killed a two-headed ogre
 13549 | D:10     | Reached skill level 7 in Invocations
 13991 | D:10     | Found Juowk's Gadget Shoppe.
 14075 | D:11     | Noticed Harold
 14075 | D:11     | Noticed a deep elf knight
 14075 | D:11     | Noticed a +5 long sword
 14211 | D:8      | Found a hazy altar of Hepliaklqana.
 14261 | D:8      | Found a transporter.
 14451 | D:6      | Killed Maggie
 15123 | D:8      | Killed Gastronok
 15262 | D:8      | Killed a two-headed ogre
 15449 | D:8      | Killed Dracia's ghost
 15715 | D:11     | Noticed a white ugly thing
 15725 | D:11     | Killed a white ugly thing
 15726 | D:11     | Reached skill level 5 in Dodging
 15811 | D:11     | Found a portal to a secret trove of treasure.
 15952 | D:11     | Noticed a death yak
 15956 | D:11     | Noticed a death yak
 15957 | D:11     | Noticed a death yak
 15958 | D:11     | Reached ****** piety under Uskayaw
 15963 | D:11     | Killed a death yak
 15979 | D:11     | Killed a death yak
 15980 | D:11     | Reached skill level 8 in Invocations
 15980 | D:11     | Reached XP level 12. HP: 36/83 MP: 15/23
 15980 | D:11     | Killed a death yak
 16243 | D:11     | Found a staircase to the Lair.
 17611 | D:11     | Killed Harold
 18201 | D:12     | Found Neohuur's Distillery.
 19241 | Lair:1   | Entered Level 1 of the Lair of Beasts
 19265 | Lair:1   | Got a masterwork dagger
 19266 | Lair:1   | Identified the +6 dagger "Gaos" {venom, +Inv +Fly rPois}
                  | (You found it on level 1 of the Lair of Beasts)
 19482 | Lair:1   | Noticed Urug
 19482 | Lair:1   | Noticed a five-headed hydra
 19510 | Lair:1   | Killed a five-headed hydra
 19515 | Lair:1   | Killed Urug
 19809 | Lair:1   | Reached skill level 9 in Invocations
 20287 | Lair:1   | Found a burning altar of Makhleb.
 20422 | Lair:2   | Noticed a four-headed hydra
 20435 | Lair:1   | Killed a four-headed hydra
 20673 | Lair:2   | Found a gate leading to a gauntlet.
 20695 | Lair:2   | Identified a scroll of acquirement
 20770 | Gauntlet | Entered a Gauntlet
 20770 | Gauntlet | Found a transporter.
 20770 | Gauntlet | Found a transporter.
 20770 | Gauntlet | Found a transporter.
 20771 | Gauntlet | Found a transporter.
 20774 | Gauntlet | Found a transporter.
 20781 | Gauntlet | Noticed a death scarab
 20783 | Gauntlet | Noticed a death scarab
 20784 | Gauntlet | Found a transporter.
 20785 | Gauntlet | Found the +12 Vampire's Tooth {vamp}
 20788 | Gauntlet | Found a transporter.
 20800 | Gauntlet | Found a transporter.
 20889 | Gauntlet | Found a transporter.
 20899 | Gauntlet | Found a transporter.
 20903 | Gauntlet | Found a transporter.
 20913 | Gauntlet | Found a transporter.
 20989 | Gauntlet | Acquired the +2 pair of gloves of the Original Sin {rC+++
                  | Int-4 Dex+5 SInv}
 20991 | Gauntlet | Acquired 285 gold pieces
 21199 | Gauntlet | Reached XP level 13. HP: 63/89 MP: 10/25
 21214 | Gauntlet | Got an encrusted hat
 21225 | Gauntlet | Identified the +1 hat of Qiusor {rPois Will+} (You found it
                  | in a Gauntlet)
 21350 | Gauntlet | Got a pair of brightly glowing boots
 21368 | Gauntlet | Identified the cursed +0 pair of boots of Trial and Error
                  | {rElec} (You found it in a Gauntlet)
 21453 | Gauntlet | Identified the +10 flail "Zenkotsi" {elec, rElec rF+ Will-
                  | Str+3}
 21453 | Gauntlet | Noticed a minotaur
 21921 | D:7      | Bought a book of Transfigurations for 770 gold pieces
 21930 | D:7      | Learned a level 6 spell: Hydra Form
 22140 | Lair:2   | Reached skill level 1 in Short Blades
 22199 | Lair:2   | Reached skill level 1 in Stealth
 22889 | Lair:3   | Reached skill level 10 in Transmutations
 22995 | Lair:3   | Noticed Rupert
 23040 | Lair:3   | Killed Rupert
 23041 | Lair:3   | Reached skill level 10 in Invocations
 23230 | Lair:3   | Found a hole to the Spider Nest.
 23362 | Lair:3   | Noticed Nergalle
 23884 | Lair:3   | Killed Nergalle
 24324 | Lair:4   | Found a staircase to the Shoals.
 24375 | Lair:4   | Reached skill level 5 in Short Blades
 24504 | Lair:4   | Reached XP level 14. HP: 92/96 MP: 18/27
 25554 | Lair:5   | Found a staircase to the Slime Pits.
 26060 | Lair:6   | Entered Level 6 of the Lair of Beasts
 26331 | Lair:6   | Reached skill level 5 in Stealth
 26346 | Lair:6   | Reached skill level 11 in Invocations
 27914 | D:13     | Noticed Azrael
 28130 | D:12     | Killed Azrael
 28374 | D:13     | Noticed Nessos
 28383 | D:13     | Killed Nessos
 28391 | D:13     | Reached XP level 15. HP: 97/102 MP: 22/28
 28617 | D:13     | Acquired 1189 gold pieces
 28665 | D:13     | Learned a level 4 spell: Petrify
 28987 | D:14     | Reached skill level 1 in Earth Magic
 29137 | D:14     | Found a gate to the Vaults.
 29305 | D:15     | Entered Level 15 of the Dungeon
 29331 | D:15     | Found a transporter.
 29332 | D:15     | Noticed loralnil's ghost (journeyman GnTm)
 29334 | D:15     | Found a transporter.
 29414 | D:15     | Identified Sif Muna's Guide on Slavery and Intoxication
 29539 | D:15     | Reached skill level 12 in Invocations
 30246 | D:15     | Noticed Jorgrun
 30302 | D:15     | Found a staircase to the Depths.
 30606 | D:7      | Bought a book of Geomancy for 490 gold pieces
 30609 | D:7      | Learned a level 2 spell: Passwall
 30791 | D:15     | Killed Jorgrun
 30792 | D:15     | Reached skill level 10 in Short Blades
 31010 | Orc:1    | Entered Level 1 of the Orcish Mines
 31309 | Orc:1    | Found a roughly hewn altar of Beogh.
 31434 | Orc:1    | Found Huurigge's Weapon Shop.
 31587 | Orc:2    | Entered Level 2 of the Orcish Mines
 31746 | Orc:2    | Found Ufeokk's Magic Scroll Shoppe.
 31774 | Orc:2    | Found Isef Gen's General Store.
 32214 | Orc:2    | Reached XP level 16. HP: 108/108 MP: 10/29
 32251 | Orc:2    | Reached skill level 13 in Invocations
 32381 | Orc:2    | Found Foufaiduci's Book Boutique.
 32381 | Orc:2    | Found a one-way gate leading to the halls of Pandemonium.
 32381 | Orc:2    | Found Ziaw's Antique Weapon Shop.
 32466 | Orc:2    | Reached skill level 10 in Dodging
 32561 | Orc:2    | Found a roughly hewn altar of Beogh.
 32563 | Orc:2    | Noticed Erolcha
 32574 | Orc:2    | Killed Erolcha
 32646 | Orc:2    | Found a staircase to the Elven Halls.
 32831 | Orc:2    | Found Ixusoikh's Antique Weapon Shoppe.
 33001 | Orc:1    | Noticed Snorg
 33013 | Orc:1    | Killed Snorg
 33115 | Elf:1    | Entered Level 1 of the Elven Halls
 33323 | Elf:1    | Noticed Frances
 33353 | Elf:1    | Killed Frances
 34824 | Orc:2    | Bought 2 scrolls of identify for 48 gold pieces
 35145 | Elf:2    | Found a ruined gateway.
 35176 | Elf:2    | Reached skill level 5 in Earth Magic
 35247 | Desolati | Entered the Desolation of Salt
 35351 | Desolati | Reached skill level 14 in Invocations
 35454 | Desolati | Identified Dyuhy's Guide on the Glacier and Enchantment
 35459 | Desolati | Identified the Incunabulum of Dusty Flames
 35461 | Desolati | Identified the Papyrus of Enthralling Sinister Magic
 35464 | Desolati | Got a scorched lapis lazuli ring
 35467 | Desolati | Identified the ring "Xiodidy" {Ice Slay+5} (You found it in
                  | the Desolation of Salt)
 35647 | Desolati | Reached XP level 17. HP: 80/114 MP: 21/30
 36642 | Desolati | Found the +12 glaive of Prune {vorpal}
 36642 | Desolati | Found the +8 mithril axe "Arga" {speed, Will+}
 36643 | Desolati | Identified the Papyrus of the Frostbite and Feathers
 37450 | Desolati | Learned a level 6 spell: Statue Form
 38244 | Spider:1 | Entered Level 1 of the Spider Nest
 39164 | Spider:1 | Reached skill level 15 in Invocations
 40702 | Spider:3 | Reached XP level 18. HP: 121/121 MP: 31/31
 41468 | Spider:4 | Entered Level 4 of the Spider Nest
 41752 | Spider:4 | Identified Roxanne's Grimoire of Earth
 41752 | Spider:4 | Noticed Roxanne
 41773 | Spider:4 | Killed Roxanne
 41841 | Spider:4 | Noticed Agnes
 41853 | Spider:4 | Killed Agnes
 41994 | Spider:4 | Reached skill level 10 in Stealth
 42336 | Spider:4 | Reached skill level 16 in Invocations
 42534 | Spider:4 | Got a gossamer rune of Zot
 42810 | Shoals:1 | Entered Level 1 of the Shoals
 42827 | Shoals:1 | Reached skill level 10 in Spellcasting
 43148 | Shoals:1 | Learned a level 7 spell: Dragon Form
 45080 | Shoals:3 | Reached XP level 19. HP: 126/126 MP: 33/33
 45869 | Shoals:4 | Entered Level 4 of the Shoals
 45925 | Shoals:4 | Identified the amulet of Tulips {Acrobat +Fly rF+ Stlth-}
                  | (You found it on level 4 of the Shoals)
 46083 | Shoals:4 | Got a barnacled rune of Zot
 46341 | Shoals:4 | Reached skill level 17 in Invocations
 46445 | Shoals:4 | Identified the +1 long sword of the Bruised Friends
                  | {freeze, *Rage rC+ Str+5}
 47394 | Vaults:1 | Entered Level 1 of the Vaults
 47895 | Vaults:1 | Reached skill level 10 in Earth Magic
 48187 | Vaults:1 | Reached skill level 18 in Invocations
 48204 | Vaults:1 | Reached XP level 20. HP: 133/133 MP: 34/34
 49585 | Vaults:2 | Found Heyfaeza's Antique Armour Shoppe.
 49591 | Vaults:2 | Bought a pair of ancient boots for 304 gold pieces
 49591 | Vaults:2 | Identified the cursed +0 pair of boots of the Nexus {-Tele
                  | Rampage rF- Int+9} (You bought it in a shop on level 2 of
                  | the Vaults)
 49916 | Vaults:2 | Reached skill level 15 in Transmutations
 50045 | Vaults:2 | Identified the ring "Roklotiu" {AC+4 Str-4 Int+4} (You
                  | found it on level 2 of the Vaults)
 50138 | Vaults:2 | Identified the cursed +1 dagger "Xinkaes" {protect, rN+}
                  | (You found it on level 2 of the Vaults)
 50558 | Vaults:3 | Reached skill level 19 in Invocations
 50742 | Vaults:3 | Killed from afar by a shadow dragon

Illustrated notes

Levels and vault maps discovered:
D:1:      ncdulo_halloftheorcs, layout_loops_cross
D:2:      layout_loops_cross, nicolae_overflow_hidden_temple,
          evilmike_ruin_ashenzari
D:3:      layout_loops_ring, nicolae_overflow_crystal_walls,
          kennysheep_generic_room_7
D:4:      minmay_bubble_buster, layout_basic, marbit_many_paths,
          minmay_temple_entry_poolview, serial_shops, shop
D:5:      layout_gridville, nicolae_ru_great_annihilating_truth, serial_bayou,
          serial_bayou_ford_a, serial_bayou_lake_a, serial_bayou_shore_a,
          serial_bayou_pond_d
D:6:      layout_basic, trog_ov_bears_minmay, uniq_maggie, uniq_sigmund
D:7:      layout_basic, fedhas_ov_isle_minmay, serial_shops, shop, shop, shop,
          kennysheep_minor_cross, minmay_the_grid_2x2
          [minmay_the_grid_minigrid_large, minmay_the_grid_stretched_grid,
          minmay_the_grid_pillar_ring, minmay_the_grid_prize_inner_circle],
          uniq_pikel, uniq_menkaure
D:8:      layout_cave_pools, gammafunk_temple_overflow_claw, lemuel_round_altar,
          gammafunk_ghost_smash, uniq_gastronok
D:9:      layout_cave_pods, kennysheep_little_box,
          minmay_orc_entry_temple_small, lemuel_angel_altar, uniq_grum,
          uniq_joseph, uniq_psyche
D:10:     layout_loops_ring, serial_shops, shop,
          nicolae_dithmenos_shadow_blocks, uniq_maurice
D:11:     layout_basic, dpeg_lair_monsters, nicolae_trove_entry_crossroad,
          sword_in_stone
D:12:     layout_grid_maze, serial_shops, shop
D:13:     layout_big_octagon, uniq_nessos, uniq_azrael
D:14:     layout_cave_pools, david_vaults_1, serial_park_square1
          [serial_park_minivault_5x5_5], kennysheep_generic_room_9
D:15:     grunt_enter_depths_magical_seal, layout_rooms, nrook_mini_backslash,
          gammafunk_ghost_mausoleum, uniq_jorgrun
Temple:   minmay_temple_curvy_loop
Lair:1:   lemuel_slime, layout_cave_pods, basic_altar, serial_bayou_crossing,
          infiniplex_staircase_pool_2, grunt_megastairs_2, uniq_urug
Lair:2:   layout_big_grid, gauntlet_entry_generic, minmay_lair_oklob_chamber
Lair:3:   regret_index_tunnel_blossom, layout_regular_city,
          spider_nest_entry_funnel_web, uniq_nergalle, uniq_rupert
Lair:4:   layout_hall_layers, minmay_shoals_entry_beasts,
          chequers_serial_rivers_small_3
Lair:5:   layout_roguey, nicolae_slime_entry_slimehenge
Lair:6:   grunt_lair_end_beastmaster, layout_cave_pods
Shoals:1: layout_shoals, nzn_prometheus_bound
Shoals:2: layout_shoals
Shoals:3: layout_shoals, nicolae_shoals_this_corrosion
Shoals:4: shoals_end_grunt_garden, layout_shoals
Spider:1: layout_spider_delve, hangedman_spider_tarantella_strand
Spider:2: layout_spider_delve
Spider:3: layout_spider_delve, nicolae_spider_webbed_stairs
Spider:4: grunt_spider_rune_circles, uniq_agnes, uniq_roxanne
Orc:1:    layout_diamond_mine, serial_shops, shop_statue,
          nicolae_orc_lost_temple, uniq_snorg
Orc:2:    pf_orc_diabolical, layout_diamond_mine, basic_altar, serial_shops,
          shop, uniq_erolcha
Elf:1:    layout_gridlike, hangedman_elven_crosses_minicolossus, minivault_16,
          uniq_frances
Elf:2:    layout_loops_cross, portal_desolation_entry_twin_temple, st_stairs_5,
          grunt_megastairs_4, uniq_saint_roka
Vaults:1: ontoclasm_vaults_eye, nicolae_vaults_hallways_thing,
          hangedman_vaults_corner_blocks, hangedman_vaults_snaps,
          nicolae_vaults_statue_guard, vaults_room_pool,
          ontoclasm_vaults_decontamination, v_misc_17, vaults_dpeg_ring,
          layout_vaults_omnicross
Vaults:2: st_greater_box_1, ontoclasm_vaults_ligature, v_misc_11, v_pattern_4,
          v_misc_14, nicolae_vaults_windows_and_doors_thing,
          ontoclasm_vaults_twist, nicolae_vaults_yaktaur_gun_rack,
          layout_vaults_big_room, serial_shops, shop
Vaults:3: hangedman_vaults_variations, grunt_vaults_funneled_arena,
          blue_anna_dwarven_crypt, v_rooms_3, v_misc_4, vaults_room_semicircle,
          nicolae_vaults_little_squares_1, ontoclasm_vaults_loading_screen,
          layout_vaults_omnigrid, uniq_asterion, uniq_margery, uniq_frederick

Skill      XL: |  1  2  3  4  5  6  7  8  9 10 11 12 13 14 15 16 17 18 19 20 |
---------------+-------------------------------------------------------------+-----
Dodging        | 2 3 5 6 7 9 10 11 12 13 | 13.3
Unarmed Combat | 4 5 6 7 8 9 11 12 13 14 | 14.4
Transmutations | 3 4 5 6 7 8 9 10 11 12 13 14 15 | 15.3
Invocations    | 1 3 5 6 8 9 10 11 12 14 15 16 18 19 | 19.1
Spellcasting   | 4 5 6 7 8 9 10 | 10.0
Short Blades   | 5 8 10 11 13 | 13.0
Stealth        | 3 6 7 8 9 10 11 12 | 12.5
Earth Magic    | 3 5 7 8 10 11 | 11.1
Fighting       | |  1.1

Action                   |  1- 3 |  4- 6 |  7- 9 | 10-12 | 13-15 | 16-18 | 19-21 || total
-------------------------+-------+-------+-------+-------+-------+-------+-------++-------
Melee: Unarmed           |    99 |   161 |   311 |   426 |    65 |    91 |       ||  1153
       Kick              |    21 |    21 |     7 |       |       |       |       ||    49
       Headbutt          |     8 |    11 |     5 |       |       |       |       ||    24
       Tailslap          |     8 |    15 |    26 |    48 |   301 |   342 |   247 ||   987
       Punch             |       |     5 |    10 |    25 |   140 |   162 |   118 ||   460
       Dagger            |       |       |       |    51 |     2 |       |       ||    53
       Quick blade       |       |       |       |       |  1705 |  1872 |  1323 ||  4900
 Cast: Beastly Appendage |    16 |    13 |     6 |       |       |       |       ||    35
       Spider Form       |       |    10 |    25 |     8 |     1 |       |       ||    44
       Blade Hands       |       |       |    11 |    63 |     7 |    11 |       ||    92
       Wereblood         |       |       |     1 |     7 |    10 |     5 |     2 ||    25
       Passwall          |       |       |       |       |     1 |       |     1 ||     2
Invok: Stomp             |       |       |       |     1 |     1 |     6 |     2 ||    10
       Line Pass         |       |       |       |     1 |       |     2 |     3 ||     6
       Grand Finale      |       |       |       |       |     1 |     2 |     3 ||     6
 Abil: Breathe Fire      |       |       |     1 |     5 |     6 |     6 |     1 ||    19
       End Transformatio |       |       |     1 |     4 |     1 |       |       ||     6
       Evoke Flight      |       |       |       |     1 |       |     2 |     1 ||     4
Evoke: Wand              |       |       |       |    15 |     7 |     6 |     2 ||    30
       Condenser vane    |       |       |       |       |     1 |     1 |     2 ||     4
  Use: Scroll            |       |       |     8 |    14 |    19 |    11 |     5 ||    57
       Potion            |       |       |       |       |     7 |    10 |     4 ||    21
 Stab: Sleeping          |     2 |     4 |     4 |       |     3 |     1 |    12 ||    26
       Paralysed         |       |       |    16 |    20 |   104 |   133 |   109 ||   382
       Invisible         |       |       |     1 |    13 |    78 |    82 |    35 ||   209
       Petrifying        |       |       |       |       |     1 |       |       ||     1
       Distracted        |       |       |       |       |       |     3 |     3 ||     6
       Confused          |       |       |       |       |       |     3 |       ||     3
       Held in net/web   |       |       |       |       |       |     4 |       ||     4
Armor: Skin              |    23 |    25 |    36 |    68 |   190 |   222 |   112 ||   676
Dodge: Dodged            |    72 |   103 |   183 |   371 |  1217 |  1357 |   758 ||  4061

Table legend: (Time is in decaauts)
 A = Elapsed time spent in this place.
 B = Non-inter-level travel time spent in this place.
 C = Inter-level travel time spent in this place.
 D = Time resting spent in this place.
 E = Time spent auto-exploring this place.
 F = Levels seen in this place.
 G = Mean time per level.
                   A        B        C        D        E       F      G
               +--------+--------+--------+--------+--------+-----+--------+
         Total |  47736 |  43894 |   3842 |   6523 |  28335 |  39 | 1224.0 |
       Dungeon |  22232 |  20127 |   2105 |   2963 |  13706 |  15 | 1482.1 |
        Temple |    231 |    183 |     48 |      0 |    182 |   1 |  231.0 |
          Lair |   7868 |   7163 |    705 |    881 |   5007 |   6 | 1311.3 |
        Shoals |   4088 |   3833 |    255 |    528 |   2241 |   4 | 1022.0 |
   Spider Nest |   3594 |   3411 |    183 |    484 |   2051 |   4 |  898.5 |
  Orcish Mines |   1918 |   1672 |    246 |     16 |   1321 |   2 |  959.0 |
   Elven Halls |   2192 |   1993 |    199 |    690 |    751 |   2 | 1096.0 |
        Vaults |   2769 |   2671 |     98 |      7 |   1920 |   3 |  923.0 |
    Desolation |   2127 |   2127 |      0 |    699 |   1005 |   1 | 2127.0 |
      Gauntlet |    711 |    711 |      0 |    254 |    150 |   1 |  711.0 |
               +--------+--------+--------+--------+--------+-----+--------+

Top non-repeatable levels by time:
     D:7: 2713 daAuts
     D:8: 2457 daAuts
    D:11: 2359 daAuts
Desolation: 2127 daAuts
  Lair:3: 1838 daAuts
     D:4: 1816 daAuts
    D:12: 1762 daAuts
   Elf:1: 1738 daAuts
     D:9: 1723 daAuts
  Lair:1: 1681 daAuts
     D:5: 1457 daAuts
Vaults:2: 1433 daAuts
    D:10: 1395 daAuts
  Lair:6: 1394 daAuts
Shoals:3: 1384 daAuts
